 Dungeon Crawl Stone Soup version 0.30-a0-389-g8d7d949f56 (webtiles) character file.

Game seed: 7507447791159909890

233 p00ps00p the Trooper (level 6, 0/56 HPs)
             Began as a Hill Orc Fighter on Dec 4, 2022.
             Slain by a gnoll sergeant
             ... wielding a +0 spear
              (9 damage)
             ... on level 5 of the Dungeon.
             The game lasted 00:03:34 (2472 turns).

p00ps00p the Trooper (Hill Orc Fighter)             Turns: 2472, Time: 00:03:34

Health: 0/56       AC:  8    Str: 21    XL:     6   Next: 4%
Magic:  6/6        EV:  9    Int:  8    God:
Gold:   215        SH:  4    Dex: 10    Spells: 5/5 levels left

rFire   . . .      SeeInvis .    a - +1 war axe
rCold   . . .      Faith    .    c - +0 buckler
rNeg    . . .      Spirit   .    b - +0 scale mail
rPois   .          Reflect  .    (no helmet)
rElec   .          Harm     .    (no cloak)
rCorr   .          Rampage  .    (no gloves)
Will    .....                    d - +0 pair of boots
Stlth   ..........               (no amulet)
HPRegen 0.29/turn                (no ring)
MPRegen 0.10/turn                (no ring)

@: no status effects
A: no striking features
a: no special abilities


You were on level 5 of the Dungeon.
You visited 1 branch of the dungeon, and saw 5 of its levels.

You collected 215 gold pieces.

Inventory:

Hand Weapons
 a - a +1 war axe (weapon)
Missiles
 l - 4 poisoned darts (quivered)
Armour
 b - a +0 scale mail (worn)
 c - a +0 buckler (worn)
 d - a +0 pair of boots (worn)
Scrolls
 g - 3 scrolls of identify
 n - 3 scrolls of poison
 o - 2 scrolls of enchant weapon
 p - a scroll of amnesia {unknown}
Potions
 e - 2 potions of lignification {unknown}
 f - a potion of flight
 h - a potion of resistance {unknown}
 i - 2 potions of heal wounds {unknown}
 j - a potion of ambrosia {unknown}
 k - 2 potions of mutation {unknown}
 m - a potion of degeneration {unknown}
 q - a potion of haste {unknown}


   Skills:
 + Level 5.0 Fighting
 + Level 4.6 Axes
 + Level 4.5 Armour
 + Level 4.5 Shields


You had 5 spell levels left.
You didn't know any spells.
Your spell library contained the following spells:

 Spells                   Type           Power      Damage    Failure   Level
 Apportation              Tloc           0%         N/A       83%         1
 Necrotise                Necr           0%         1d4       83%         1
 Summon Small Mammal      Summ           0%         N/A       83%         1
 Vampiric Draining        Necr           0%         2d6       99%         3
 Agony                    Necr           0%         N/A       100%        5
 Borgnjor's Revivificati  Necr           0%         N/A       100%        8
 Necromutation            Tmut/Necr      0%         N/A       100%        8
 Death's Door             Necr           0%         N/A       100%        9


Dungeon Overview and Level Annotations

Branches:
Dungeon (5/15)
 Temple: D:4-7

Altars:
Zin


Message History

The gnoll sergeant hits you from afar with a +0 spear.
The necrophage hits you but does no damage.
A gnoll comes into view. It is wielding a +0 spear.
The necrophage barely misses you.
The gnoll sergeant hits you from afar with a +0 spear!
You barely miss the necrophage.
The necrophage is lightly damaged.
The gnoll shouts!
The necrophage closely misses you.
The gnoll sergeant hits you from afar with a +0 spear!
You hit the necrophage.
The necrophage is lightly damaged.
The necrophage hits you.
You feel drained.
The gnoll sergeant hits you from afar with a +0 spear.
You slash the necrophage!
The necrophage is heavily damaged.
The necrophage hits you. The gnoll sergeant closely misses you.
You slash the necrophage!
You destroy the necrophage!
The gnoll sergeant hits you from afar with a +0 spear!
* * * LOW HITPOINT WARNING * * *
The gnoll hits you but does no damage.
The gnoll sergeant hits you but does no damage.
Your life force feels restored.
Your Fighting skill increases to level 5!
You have reached level 6!
The air fills with toxic fumes!
As you read the scroll labelled MIEN FARPHUOCA, it crumbles to dust.
It was a scroll of poison.
The gnoll barely misses you.
The gnoll sergeant hits you from afar with a +0 spear.
* * * LOW HITPOINT WARNING * * *
As you read the scroll labelled GALLOI GAVEATZ, it crumbles to dust.
It is a scroll of enchant weapon.
Your +0 war axe glows red for a moment.
The gnoll barely misses you. You block the gnoll sergeant's attack.
You slash the gnoll!
The gnoll is severely wounded.
The gnoll barely misses you.
The gnoll sergeant hits you from afar with a +0 spear!
You die...

#§§ §§ ... §§ .........
. ##§ #........ . ##§§
#..#.##. .
#§§§#####..#..#.####.
§§§##§§§#g§##§§.##..##..
§§§§§§§@ggg§§§§.###.#...
§§###§###g§§§§§..#...g.#
# ##§§§§§..!..#...
#.§§§§..##.##.#
#..§§§.##.....#
##..§§..#....##
#...§....#### #..###....
#..# ###.#


You could see a gnoll sergeant and 4 gnolls.

Vanquished Creatures
  A necrophage (D:5)
  3 gnolls (D:2)
  6 adders
  2 worms (D:2)
  4 orcs (D:3)
  9 ball pythons
  5 bats
  7 endoplasms
  2 giant cockroaches
  10 goblins
  5 hobgoblins
  5 jackals
  4 kobolds
  A quokka (D:1)
  5 frilled lizards
  6 rats
75 creatures vanquished.

Notes
Turn   | Place    | Note
-------+----------+-------------------------------------------
     0 | D:1      | p00ps00p the Hill Orc Fighter began the quest for the Orb.
     0 | D:1      | Reached XP level 1. HP: 19/19 MP: 1/1
   437 | D:1      | Reached XP level 2. HP: 12/27 MP: 2/2
   708 | D:1      | Reached skill level 4 in Fighting
   741 | D:1      | Reached XP level 3. HP: 33/33 MP: 3/3
   960 | D:2      | Reached XP level 4. HP: 12/40 MP: 4/4
  1061 | D:2      | Found a glowing silver altar of Zin.
  1739 | D:3      | Reached XP level 5. HP: 35/47 MP: 5/5
  2182 | D:3      | You fall into a shaft and drop 1 floor!
  2417 | D:4      | Noticed a black bear
  2425 | D:5      | Entered Level 5 of the Dungeon
  2470 | D:5      | Reached skill level 5 in Fighting
  2470 | D:5      | Reached XP level 6. HP: 11/56 MP: 6/6
  2472 | D:5      | Slain by a gnoll sergeant

Illustrated notes

Levels and vault maps discovered:
D:1:      dpeg_arrival_arbitrary_b, layout_loops_corners, serial_glass,
          glass_columns_c, glass_columns_b, minmay_strange_pillars,
          due_unseen_surprise
D:2:      layout_rooms, basic_altar, minmay_pentomino_v4
D:3:      layout_loops_ring, kennysheep_small_spiral, minmay_increasing_density
D:4:      layout_gridville, serial_shops, kennysheep_little_box
D:5:      layout_cave_pools, lemuel_tele_altar

Skill      XL: |  1  2  3  4  5 |
---------------+----------------+-----
Axes           | 3 4 |  4.6
Fighting       | 4 5 |  5.0
Armour         | 4 |  4.5
Shields        | 4 |  4.5

Action                   |  1- 3 |  4- 6 || total
-------------------------+-------+-------++-------
Melee: War axe           |    94 |   122 ||   216
  Use: Scroll            |     2 |     5 ||     7
       Potion            |     1 |       ||     1
Armor: Scale mail        |    45 |    58 ||   103
Dodge: Dodged            |    55 |    62 ||   117
Block: Buckler           |    22 |    30 ||    52

Table legend: (Time is in decaauts)
 A = Elapsed time spent in this place.
 B = Non-inter-level travel time spent in this place.
 C = Inter-level travel time spent in this place.
 D = Time resting spent in this place.
 E = Time spent auto-exploring this place.
 F = Levels seen in this place.
 G = Mean time per level.
                   A        B        C        D        E       F      G
               +--------+--------+--------+--------+--------+-----+--------+
         Total |   2548 |   2502 |     46 |     56 |   1879 |   5 |  509.6 |
       Dungeon |   2548 |   2502 |     46 |     56 |   1879 |   5 |  509.6 |
               +--------+--------+--------+--------+--------+-----+--------+

Top non-repeatable levels by time:
     D:1: 940 daAuts
     D:3: 728 daAuts
     D:2: 582 daAuts
     D:4: 247 daAuts
     D:5: 49 daAuts
